 Seeded DCSS version 0.27-a0-1228-gfd60fd639a (webtiles) character file.

Game seed: 49 (custom seed)

828 Snicker the Vexing (level 7, 0/35 HPs)
             Began as a Spriggan Enchanter on June 7, 2021.
             Succumbed to a killer bee's poison
             ... on level 6 of the Dungeon.
             The game lasted 00:08:53 (3996 turns).

Snicker the Vexing (Spriggan Enchanter)             Turns: 3996, Time: 00:08:53

Health: 0/35       AC:  7    Str:  5    XL:     7   Next: 65%
Magic:  1/16       EV: 20    Int: 17    God:
Gold:   165        SH:  0    Dex: 16    Spells: 7/16 levels left

rFire    . . .     SeeInvis +   a - +1 dagger (flame)
rCold    . . .     Faith    .   (shield restricted)
rNeg     . . .     Spirit   .   d - +5 robe of Night {Dark Will+ SInv}
rPois    .         Reflect  .   (helmet restricted)
rElec    .         Harm     .   (no cloak)
rCorr    .         Rampage  .   (gloves unavailable)
Will     ++...                  (boots unavailable)
Stlth    +++.......             (no amulet)
HPRegen  0.11/turn              (no ring)
MPRegen  0.15/turn              (no ring)

@: brilliant, lethally poisoned (0 -> -2), attractive, very quick
A: very small, no large weapons, unfitting armour, see invisible, speed 3
a: no special abilities


You were on level 6 of the Dungeon.
You visited 1 branch of the dungeon, and saw 6 of its levels.

You collected 165 gold pieces.

Inventory:

Hand Weapons
 a - a +1 dagger of flaming (weapon)
 c - a +1 dagger
 p - a +0 dagger of draining
Armour
 b - a +0 robe
 d - the +5 robe of Night (worn) {Dark Will+ SInv}
   (You acquired it on level 1 of the Dungeon)

   It lets you see invisible.
   It increases your willpower.
Jewellery
 n - a ring of resist corrosion
Wands
 l - a wand of iceblast (6)
 m - a wand of flame (9)
Scrolls
 e - 2 scrolls of enchant armour {unknown}
 f - 6 scrolls of identify {unknown}
 h - 2 scrolls of teleportation {unknown}
 k - a scroll of vulnerability {unknown}
 o - 2 scrolls of magic mapping {unknown}


   Skills:
 * Level 2.5 Fighting
 - Level 1.1 Short Blades
 * Level 6.0 Dodging
 - Level 4.4 Stealth
 * Level 5.4 Spellcasting
 * Level 6.6 Hexes
 + Level 1.7 Ice Magic
 + Level 1.1 Evocations


You had 7 spell levels left.
You knew the following spells:

 Your Spells              Type           Power      Damage    Failure   Level
a - Corona                Hex            44%        N/A       1%          1
b - Ensorcelled Hibernat  Hex/Ice        56%        N/A       3%          2
c - Confusing Touch       Hex            40%        N/A       2%          3
d - Dazzling Flash        Conj/Hex       46%        N/A       11%         3

Your spell library contained the following spells:

 Spells                   Type           Power      Damage    Failure   Level
 Tukima's Dance           Hex            40%        N/A       2%          3
 Shock                    Conj/Air       24%        1d4       14%         1
 Static Discharge         Conj/Air       6%         N/A       21%         2
 Swiftness                Air            6%         N/A       38%         3
 Airstrike                Air            3%         N/A       80%         4
 Lightning Bolt           Conj/Air       3%         1d14      98%         5


Dungeon Overview and Level Annotations

Branches:
Dungeon (6/15)
 Temple: D:4-7

Altars:
Makhleb
Qazlal
Zin


Innate Abilities, Weirdness & Mutations

You are very small and have problems with some larger weapons.
You are too small for most types of armour.
You have supernaturally acute eyesight. (SInv)
You cover ground extremely quickly. (Speed+++)


Message History

The killer bee is almost dead.
The killer bee completely misses you. The killer bee stings you.
You are poisoned.
The killer bee poisons you!
Casting: Ensorcelled Hibernation (safe; 3% risk of failure)
Confirm with . or Enter, or press ? or * to list all spells.
Aiming: Ensorcelled Hibernation (safe; 3% risk of failure)
Press: ? - help, Shift-Dir - straight line, f/p - killer bee
Aim: a killer bee (almost dead, chance to affect: 57%)
The killer bee resists with significant effort.
You feel sick. The killer bee barely misses you. The killer bee stings you.
* * * LOW HITPOINT WARNING * * *
Okay, then.
Unknown command.
Unknown command.
You closely miss the killer bee.
The killer bee is almost dead.
* * * LOW HITPOINT WARNING * * *
You feel sick. The killer bee barely misses you. x2
You are lethally poisoned (3 -> -1).
Your movement speed is very quick.
Your attack delay is about 0.9.
Unknown command.
Unknown command.
It was a potion of brilliance.
You feel clever all of a sudden.
* * * LOW HITPOINT WARNING * * *
You feel sick. The killer bee misses you. The killer bee closely misses you.
It was a potion of attraction.
You feel attractive to monsters.
* * * LOW HITPOINT WARNING * * *
You feel sick. The killer bee completely misses you.
The killer bee closely misses you.
Unknown command.
You completely miss the killer bee.
The killer bee is almost dead.
* * * LOW HITPOINT WARNING * * *
You feel sick. The killer bee misses you. The killer bee barely misses you.
You closely miss the killer bee.
The killer bee is almost dead.
You die...

#.#
#.#
#.#
#.#
#y#
#@#
###


You could see a killer bee.

Vanquished Creatures
  Grinder (D:4)
  A centaur (D:4)
  2 water moccasin skeletons
  3 killer bees (D:5)
  A howler monkey (D:4)
  A hound (D:5)
  A jelly (D:4)
  An orc priest (D:3)
  An iguana (D:4)
  Ijyb (D:4)
  Terence (D:2)
  A howler monkey skeleton (D:4)
  4 adders
  3 worms
  A dart slug (D:4)
  4 orcs
  3 ball pythons
  9 bats
  8 endoplasms
  2 giant cockroaches
  7 goblins
  3 hobgoblins
  5 kobolds
  4 quokkas
  6 rats
74 creatures vanquished.

Vanquished Creatures (others)
  An orc (D:3)
1 creature vanquished.

Grand Total: 75 creatures vanquished

Notes
Turn   | Place    | Note
-------+----------+-------------------------------------------
     0 | D:1      | Snicker the Spriggan Enchanter began the quest for the Orb.
     0 | D:1      | Reached XP level 1. HP: 9/9 MP: 5/5
   181 | D:1      | Reached XP level 2. HP: 11/13 MP: 6/6
   638 | D:1      | Identified a scroll of acquirement
   638 | D:1      | Acquired the +5 robe of Night {Dark Will+ SInv}
   639 | D:1      | Found the +5 robe of Night {Dark Will+ SInv}
   927 | D:1      | Learned a level 2 spell: Ensorcelled Hibernation
   979 | D:2      | Reached skill level 1 in Fighting
   979 | D:2      | Reached XP level 3. HP: 18/18 MP: 5/8
  1126 | D:2      | Found a faded altar of an unknown god.
  1343 | D:2      | Noticed Terence
  1348 | D:2      | Killed Terence
  1349 | D:2      | Reached XP level 4. HP: 22/22 MP: 9/9
  1750 | D:3      | Reached skill level 5 in Hexes
  1941 | D:3      | Reached XP level 5. HP: 25/25 MP: 8/11
  2101 | D:3      | Learned a level 3 spell: Confusing Touch
  2105 | D:3      | Learned a level 3 spell: Dazzling Flash
  2477 | D:3      | Found a stormy altar of Qazlal.
  2588 | D:3      | Found a burning altar of Makhleb.
  2689 | D:4      | Noticed Ijyb
  2695 | D:4      | Killed Ijyb
  2964 | D:4      | Reached XP level 6. HP: 23/30 MP: 7/13
  3052 | D:4      | Found a glowing silver altar of Zin.
  3129 | D:4      | Reached skill level 5 in Dodging
  3322 | D:4      | Noticed Grinder
  3329 | D:4      | Reached skill level 1 in Ice Magic
  3341 | D:4      | Killed Grinder
  3342 | D:4      | Reached skill level 5 in Spellcasting
  3342 | D:4      | Reached XP level 7. HP: 35/35 MP: 10/15
  3432 | D:4      | Found a sand-covered staircase.
  3771 | D:5      | Entered Level 5 of the Dungeon
  3960 | D:5      | Reached skill level 1 in Evocations
  3995 | D:6      | HP: 1/35 [poisoned by a killer bee]
  3996 | D:6      | Succumbed to a killer bee's poison

Illustrated notes

Levels and vault maps discovered:
D:1:      sevenhm_arrival_forest_fort_small_4, layout_loops_ring
D:2:      layout_basic, shapermc_ecumenical_altar_gd, serial_bayou_pond_e,
          uniq_terence
D:3:      layout_loops_ring, nicolae_qazlal_eye_of_the_storm,
          lightli_temple_of_fire
D:4:      layout_basic, lemuel_crystal_altar,
          nicolae_ossuary_entry_false_entrances, uniq_ijyb, uniq_grinder
D:5:      layout_loops_ring
D:6:      layout_basic, minmay_temple_entry_butterflies, uniq_menkaure,
          uniq_maggie

Skill      XL: |  1  2  3  4  5  6  7 |
---------------+----------------------+-----
Hexes          | 4 5 6 |  6.6
Dodging        | 3 4 5 6 |  6.0
Fighting       | 1 2 |  2.5
Spellcasting   | 3 4 5 |  5.4
Ice Magic      | 1 |  1.7
Evocations     | 1 |  1.1
Short Blades   | |  1.1
Stealth        | |  4.4

Action                   |  1- 3 |  4- 6 |  7- 9 || total
-------------------------+-------+-------+-------++-------
Melee: Dagger            |    74 |   129 |    32 ||   235
 Cast: Ensorcelled Hiber |     5 |    16 |    16 ||    37
       Confusing Touch   |       |     3 |       ||     3
Evoke: Wand              |       |    10 |       ||    10
  Use: Scroll            |     1 |       |       ||     1
       Potion            |       |       |     5 ||     5
 Stab: Sleeping          |    15 |    16 |     7 ||    38
       Confused          |       |     2 |       ||     2
Armor: Robe              |     9 |    20 |     7 ||    36
Dodge: Dodged            |    49 |    91 |    57 ||   197

Table legend: (Time is in decaauts)
 A = Elapsed time spent in this place.
 B = Non-inter-level travel time spent in this place.
 C = Inter-level travel time spent in this place.
 D = Time resting spent in this place.
 E = Time spent auto-exploring this place.
 F = Levels seen in this place.
 G = Mean time per level.
                   A        B        C        D        E       F      G
               +--------+--------+--------+--------+--------+-----+--------+
         Total |   2952 |   2880 |     72 |     27 |   2291 |   6 |  492.0 |
       Dungeon |   2952 |   2880 |     72 |     27 |   2291 |   6 |  492.0 |
               +--------+--------+--------+--------+--------+-----+--------+

Top non-repeatable levels by time:
     D:4: 796 daAuts
     D:3: 733 daAuts
     D:1: 712 daAuts
     D:2: 538 daAuts
     D:5: 149 daAuts
     D:6: 22 daAuts
